TOP OF THE 1ST |
Louisville Stallions batting - Pitching for Columbus Jets : RHP Sven Lamberts
|
Pitching: RHP Sven Lamberts
|
|
Batting: SHB Harry Chappas
|
0-0: Ball 1-0: Ball 2-0: Called Strike 2-1: Foul Ball, location: 2F 2-2: Ground out 6-3 (Groundball, 4M, EV 85.6 MPH)
|
Batting: RHB Stephen Dembowski
|
0-0: Ball 1-0: Called Strike 1-1: Called Strike 1-2: Foul Ball, location: 2F 1-2: Ball 2-2: Ball 3-2: Ground out U3 (Groundball, 34, EV 100.0 MPH)
|
Batting: LHB Ted May
|
0-0: Ball 1-0: Called Strike 1-1: SINGLE (Line Drive, 78M, EV 107.5 MPH)
|
Batting: SHB Orestes Destrade
|
0-0: Called Strike 0-1: Ball 1-1: Ball 2-1: Ground out U3 (Groundball, 3, EV 81.3 MPH)
|
Top of the 1st over - 0 runs, 1 hit, 0 errors, 1 left on base; Louisville 0 - Columbus 0 |
BOTTOM OF THE 1ST |
Columbus Jets batting - Pitching for Louisville Stallions : RHP Jerry Ujdur
|
Pitching: RHP Jerry Ujdur
|
|
Batting: RHB Greg Schultz
|
0-0: Called Strike 0-1: Fly out, F9 (Line Drive, 9, EV 92.5 MPH)
|
Batting: RHB Jim Maler
|
0-0: Called Strike 0-1: Foul Ball, location: 2F 0-2: Ball 1-2: Fly out, F9 (Flyball, 9LD, EV 93.8 MPH)
|
Batting: RHB Danny Tartabull
|
0-0: Called Strike 0-1: Ball 1-1: Swinging Strike 1-2: Strikes out swinging
|
Bottom of the 1st over - 0 runs, 0 hits, 0 errors, 0 left on base; Louisville 0 - Columbus 0 |
TOP OF THE 2ND |
Louisville Stallions batting - Pitching for Columbus Jets : RHP Sven Lamberts
|
Batting: LHB Steven Mobberley
|
0-0: Ball 1-0: Foul Ball, location: 2F 1-1: Swinging Strike 1-2: Foul Ball, location: 2F 1-2: Ball 2-2: Foul Ball, location: 2F 2-2: Ball 3-2: SINGLE (Line Drive, 9S, EV 98.1 MPH)
|
Batting: RHB Kelly Heath
|
0-0: Ball 1-0: Called Strike 1-1: Ball 2-1: Grounds into double play, 6-4-3 (Groundball, 6, EV 109.4 MPH)
|
Batting: LHB John Tucker
|
0-0: Foul Ball, location: 2F 0-1: Ball 1-1: Ball 2-1: Foul Ball, location: 2F 2-2: Ball 3-2: Strikes out swinging
|
Top of the 2nd over - 0 runs, 1 hit, 0 errors, 0 left on base; Louisville 0 - Columbus 0 |
BOTTOM OF THE 2ND |
Columbus Jets batting - Pitching for Louisville Stallions : RHP Jerry Ujdur
|
Batting: LHB Larry Sheets
|
0-0: Ball 1-0: Ball 2-0: DOUBLE (Line Drive, 9LS, EV 103.8 MPH)
|
Batting: RHB Jackie Gutierrez
|
0-0: Called Strike 0-1: Ball 1-1: Ground out 5-3 (Groundball, 56S, EV 85.0 MPH)
|
Batting: LHB Paul Hollins
|
0-0: Called Strike 0-1: Swinging Strike 0-2: Foul Ball, location: 2F 0-2: Ground out 6-3 (Groundball, 6D, EV 98.1 MPH)
|
Batting: RHB Michael Ventress
|
0-0: Ball 1-0: Ball 2-0: Called Strike 2-1: Swinging Strike 2-2: Ball 3-2: Foul Ball, location: 2F 3-2: Fly out, F9 (Flyball, 9LS, EV 90.6 MPH)
|
Bottom of the 2nd over - 0 runs, 1 hit, 0 errors, 1 left on base; Louisville 0 - Columbus 0 |
TOP OF THE 3RD |
Louisville Stallions batting - Pitching for Columbus Jets : RHP Sven Lamberts
|
Batting: RHB Gordy Hodgson
|
0-0: Foul Ball, location: 2F 0-1: Called Strike 0-2: Ball 1-2: Ball 2-2: Strikes out swinging
|
Batting: RHB Kiko Garcia
|
0-0: Ball 1-0: Reached on error, E6 (Groundball, 6, EV 90.6 MPH)
|
Batting: SHB Harry Chappas
|
0-0: Ball 1-0: Ball 2-0: Ball 3-0: Called Strike 3-1: Fly out, F5 (Popup, 56S, EV 82.5 MPH)
|
Batting: RHB Stephen Dembowski
|
0-0: Ball 1-0: Swinging Strike 1-1: Swinging Strike 1-2: Hit by Pitch Kiko Garcia to second
|
Batting: LHB Ted May
|
0-0: DOUBLE (Flyball, 8LXD, EV 93.8 MPH) Kiko Garcia scores Stephen Dembowski to third Runner from 3rd tries for Home, SAFE, no throw by CF
|
Batting: SHB Orestes Destrade
|
0-0: Swinging Strike 0-1: Ball 1-1: Ball 2-1: Fly out, F7 (Flyball, 7S, EV 87.5 MPH)
|
Top of the 3rd over - 2 runs, 1 hit, 1 error, 1 left on base; Louisville 2 - Columbus 0 |
BOTTOM OF THE 3RD |
Columbus Jets batting - Pitching for Louisville Stallions : RHP Jerry Ujdur
|
Batting: RHB Glenn Goya
|
0-0: Ball 1-0: Foul Ball, location: 2F 1-1: Reached on error, E3 (Groundball, 34, EV 90.6 MPH)
|
Batting: LHB Mike Lebo
|
0-0: Fly out, F8 (Flyball, 78XD, EV 81.9 MPH)
|
Batting: RHB Greg Schultz
|
0-0: Ball 1-0: Called Strike 1-1: Called Strike 1-2: Foul Ball, location: 2F 1-2: Foul Ball, location: 2F 1-2: Strikes out swinging
|
Batting: RHB Jim Maler
|
0-0: Ball Wild Pitch! Glenn Goya to second 1-0: Ball 2-0: Called Strike 2-1: Swinging Strike 2-2: Foul Ball, location: 2F 2-2: Ball 3-2: Strikes out looking
|
Bottom of the 3rd over - 0 runs, 0 hits, 1 error, 1 left on base; Louisville 2 - Columbus 0 |
TOP OF THE 4TH |
Louisville Stallions batting - Pitching for Columbus Jets : RHP Sven Lamberts
|
Batting: LHB Steven Mobberley
|
0-0: Called Strike 0-1: Ball 1-1: Hit by Pitch
|
Batting: RHB Kelly Heath
|
0-0: Fly out, F7 (Flyball, 7D, EV 90.0 MPH)
|
Batting: LHB John Tucker
|
0-0: Ball 1-0: Fly out, F9 (Line Drive, 9, EV 105.6 MPH)
|
Batting: RHB Gordy Hodgson
|
0-0: Foul Ball, location: 2F 0-1: Ball 1-1: Ball 2-1: Ball 3-1: Base on Balls Steven Mobberley to second
|
Batting: RHB Kiko Garcia
|
0-0: Ground out 4-3 (Groundball, 4, EV 86.3 MPH)
|
Top of the 4th over - 0 runs, 0 hits, 0 errors, 2 left on base; Louisville 2 - Columbus 0 |
BOTTOM OF THE 4TH |
Columbus Jets batting - Pitching for Louisville Stallions : RHP Jerry Ujdur
|
Batting: RHB Danny Tartabull
|
0-0: Ball 1-0: Called Strike 1-1: Ball 2-1: Foul Ball, location: 2F 2-2: Foul Ball, location: 2F 2-2: Strikes out swinging
|
Batting: LHB Larry Sheets
|
0-0: Ground out 6-3 (Groundball, 4M, EV 108.8 MPH)
|
Batting: RHB Jackie Gutierrez
|
0-0: Foul Ball, location: 2F 0-1: Called Strike 0-2: Strikes out swinging
|
Bottom of the 4th over - 0 runs, 0 hits, 0 errors, 0 left on base; Louisville 2 - Columbus 0 |
TOP OF THE 5TH |
Louisville Stallions batting - Pitching for Columbus Jets : RHP Sven Lamberts
|
Batting: SHB Harry Chappas
|
0-0: Ball 1-0: Ground out U3 (Groundball, 3, EV 83.1 MPH)
|
Batting: RHB Stephen Dembowski
|
0-0: Ball 1-0: Ground out 6-3 (Groundball, 6, EV 100.6 MPH)
|
Batting: LHB Ted May
|
0-0: Called Strike 0-1: SINGLE (Line Drive, 34D, EV 98.8 MPH)
|
Batting: SHB Orestes Destrade
|
0-0: Hit by Pitch Ted May to second
|
Batting: LHB Steven Mobberley
|
0-0: Called Strike 0-1: Ball 1-1: Called Strike 1-2: Ball 2-2: Ball 3-2: Base on Balls Ted May to third Orestes Destrade to second
|
Batting: RHB Kelly Heath
|
0-0: Called Strike 0-1: Ground out U3 (Groundball, 34, EV 108.1 MPH)
|
Top of the 5th over - 0 runs, 1 hit, 0 errors, 3 left on base; Louisville 2 - Columbus 0 |
BOTTOM OF THE 5TH |
Columbus Jets batting - Pitching for Louisville Stallions : RHP Jerry Ujdur
|
Batting: LHB Paul Hollins
|
0-0: Ball 1-0: Called Strike 1-1: Swinging Strike 1-2: Strikes out swinging
|
Batting: RHB Michael Ventress
|
0-0: Ball 1-0: Called Strike 1-1: Ball 2-1: Foul Ball, location: 2F 2-2: Foul Ball, location: 2F 2-2: Foul Ball, location: 2F 2-2: Ground out U3 (Groundball, 3, EV 103.1 MPH)
|
Batting: RHB Glenn Goya
|
0-0: Fly out, F7 (Flyball, 78D, EV 91.9 MPH)
|
Bottom of the 5th over - 0 runs, 0 hits, 0 errors, 0 left on base; Louisville 2 - Columbus 0 |
TOP OF THE 6TH |
Louisville Stallions batting - Pitching for Columbus Jets : RHP Sven Lamberts
|
Batting: LHB John Tucker
|
0-0: Called Strike 0-1: Ball 1-1: Called Strike 1-2: Ball 2-2: Ball 3-2: SINGLE (Groundball, 34S, EV 65.6 MPH) (infield hit)
|
Batting: RHB Gordy Hodgson
|
0-0: Called Strike John Tucker steals 2nd, throwing error, E2 John Tucker to third 0-1: Swinging Strike 0-2: Ball 1-2: Strikes out swinging
|
Batting: RHB Kiko Garcia
|
0-0: Called Strike 0-1: Ground out 4-3 (Groundball, 4S, EV 75.6 MPH)
|
Batting: SHB Harry Chappas
|
0-0: Intentional Walk
|
Batting: RHB Stephen Dembowski
|
0-0: Ball 1-0: Foul Ball, location: 2F 1-1: Ball 2-1: Fly out, F5 (Popup, 56S, EV 75.0 MPH)
|
Top of the 6th over - 0 runs, 1 hit, 1 error, 2 left on base; Louisville 2 - Columbus 0 |
BOTTOM OF THE 6TH |
Columbus Jets batting - Pitching for Louisville Stallions : RHP Jerry Ujdur
|
Batting: LHB Mike Lebo
|
0-0: Called Strike 0-1: Ball 1-1: Swinging Strike 1-2: Ball 2-2: Ground out U3 (Groundball, 34, EV 106.3 MPH)
|
Batting: RHB Greg Schultz
|
0-0: Ball 1-0: Called Strike 1-1: Ground out 6-3 (Groundball, 6, EV 80.0 MPH)
|
Batting: RHB Jim Maler
|
0-0: Fly out, F3 (Popup, 3, EV 58.8 MPH)
|
Bottom of the 6th over - 0 runs, 0 hits, 0 errors, 0 left on base; Louisville 2 - Columbus 0 |
TOP OF THE 7TH |
Louisville Stallions batting - Pitching for Columbus Jets : RHP Sven Lamberts
|
Batting: LHB Ted May
|
0-0: Foul Ball, location: 2F 0-1: Ball 1-1: Foul Ball, location: 2F 1-2: Ball 2-2: Ball 3-2: Foul Ball, location: 2F 3-2: Foul Ball, location: 2F 3-2: Fly out, F6 (Flyball, 56D, EV 89.4 MPH)
|
Batting: SHB Orestes Destrade
|
0-0: Called Strike 0-1: Ground out 5-3 (Groundball, 56, EV 90.0 MPH)
|
Batting: LHB Steven Mobberley
|
0-0: Ball 1-0: Ball 2-0: Fly out, F4 (Flyball, 34D, EV 86.9 MPH)
|
Top of the 7th over - 0 runs, 0 hits, 0 errors, 0 left on base; Louisville 2 - Columbus 0 |
BOTTOM OF THE 7TH |
Columbus Jets batting - Pitching for Louisville Stallions : RHP Jerry Ujdur
|
Batting: RHB Danny Tartabull
|
0-0: Foul Ball, location: 2F 0-1: Ball 1-1: DOUBLE (Line Drive, 89D, EV 106.9 MPH)
|
Batting: LHB Larry Sheets
|
0-0: Foul Ball, location: 2F 0-1: SINGLE (Groundball, 34D, EV 93.8 MPH) Danny Tartabull to third
|
Pinch Hitting: LHB Craig Brooks
|
0-0: Ball 1-0: Foul Ball, location: 2F 1-1: Fielders Choice at 2nd, 6-4 (Groundball, 6, EV 80.0 MPH) Danny Tartabull scores
|
Batting: LHB Paul Hollins
|
0-0: Called Strike 0-1: Fly out, F7 (Flyball, 7D, EV 89.4 MPH)
|
Batting: RHB Michael Ventress
|
0-0: Ball 1-0: Ball 2-0: Called Strike 2-1: Fly out, F7 (Flyball, 78M, EV 95.0 MPH)
|
Bottom of the 7th over - 1 run, 2 hits, 0 errors, 1 left on base; Louisville 2 - Columbus 1 |
TOP OF THE 8TH |
Louisville Stallions batting - Pitching for Columbus Jets : RHP Sven Lamberts
|
Now at SS: Vance McHenry
|
|
Batting: RHB Kelly Heath
|
0-0: Fly out, F9 (Flyball, 9, EV 83.8 MPH)
|
Batting: LHB John Tucker
|
0-0: Ball 1-0: Ball 2-0: Ball 3-0: Called Strike 3-1: Swinging Strike 3-2: Foul Ball, location: 2F 3-2: Foul Ball, location: 2F 3-2: Ground out U3 (Groundball, 3, EV 81.3 MPH)
|
Batting: RHB Gordy Hodgson
|
0-0: Called Strike 0-1: Swinging Strike 0-2: Ball 1-2: Strikes out looking
|
Top of the 8th over - 0 runs, 0 hits, 0 errors, 0 left on base; Louisville 2 - Columbus 1 |
BOTTOM OF THE 8TH |
Columbus Jets batting - Pitching for Louisville Stallions : RHP Jerry Ujdur
|
Batting: RHB Glenn Goya
|
0-0: Ground out 6-3 (Groundball, 6, EV 88.8 MPH)
|
Batting: LHB Mike Lebo
|
0-0: Called Strike 0-1: Ground out 5-3 (Groundball, 56, EV 78.8 MPH)
|
Batting: RHB Greg Schultz
|
0-0: Ball 1-0: Fly out, F4 (Line Drive, 4, EV 71.9 MPH)
|
Bottom of the 8th over - 0 runs, 0 hits, 0 errors, 0 left on base; Louisville 2 - Columbus 1 |
TOP OF THE 9TH |
Louisville Stallions batting - Pitching for Columbus Jets : RHP Sven Lamberts
|
Pitching: RHP Owen Foley
|
|
Batting: RHB Kiko Garcia
|
0-0: Fly out, F7 (Line Drive, 7, EV 106.3 MPH)
|
Batting: SHB Harry Chappas
|
0-0: Swinging Strike 0-1: Foul Ball, location: 2F 0-2: Ball 1-2: Strikes out swinging
|
Batting: RHB Stephen Dembowski
|
0-0: Reached on error, E5 (Flyball, 5D, EV 81.9 MPH)
|
Batting: LHB Ted May
|
0-0: Swinging Strike 0-1: Ball 1-1: Ball 2-1: Ball 3-1: Base on Balls Stephen Dembowski to second
|
Batting: SHB Orestes Destrade
|
0-0: Called Strike 0-1: Foul Ball, location: 2F 0-2: Strikes out looking
|
Top of the 9th over - 0 runs, 0 hits, 1 error, 2 left on base; Louisville 2 - Columbus 1 |
BOTTOM OF THE 9TH |
Columbus Jets batting - Pitching for Louisville Stallions : RHP Jerry Ujdur
|
Pitching: LHP Phil Nastu
|
|
Now in CF: Tito Landrum
|
|
Batting: RHB Jim Maler
|
0-0: Ball 1-0: Called Strike 1-1: Foul Ball, location: 2F 1-2: Foul Ball, location: 2F 1-2: Ball 2-2: Strikes out swinging
|
Batting: RHB Danny Tartabull
|
0-0: Ball 1-0: Called Strike 1-1: Ground out 6-3 (Groundball, 6, EV 82.5 MPH)
|
Batting: LHB Larry Sheets
|
0-0: Ball 1-0: Ground out 4-3 (Groundball, 34, EV 84.4 MPH)
|
Bottom of the 9th over - 0 runs, 0 hits, 0 errors, 0 left on base; Louisville 2 - Columbus 1 |
|